Match 46522665
Unlisted

Match 46522665
End
Kettenkrad Recon Vehicle
Selects Luftwaffe Battlegroup
Selects Luftwaffe Pioneer Support
Fallschirmpioneer Squad Paradrop
Construct Infanterie Kompanie
Fallschirmpioneer Squad Paradrop
MG 42 Machine Gun Team
Infanterie Officer Quarters
Selects Stuka Strafing Run
Stuka Strafing Run
Fallschirmpioneer Squad Paradrop
Medical Station
Construct Panzergrenadier Kompanie
Stuka Strafing Run
Pak 40 Anti-tank Gun Team
Selects Fallschirmjäger Squad Paradrop
Support Elements
Stuka Strafing Run
Nebelwerfer 42 Rocket Launcher Team
Selects Fragmentation Bombs
Fragmentation Bombs
Stuka Strafing Run
Construct Panzer Kompanie
Sturmpanzer IV Brummbär
Stuka Strafing Run
Stoßtruppen Squad
Panzer Officer Quarters
Side Skirts
Fragmentation Bombs
Fragmentation Bombs
Kettenkrad Recon Vehicle
Sturmpanzer IV Brummbär
Fallschirmpioneer Squad Paradrop
Fragmentation Bombs
Sturmpanzer IV Brummbär
Fragmentation Bombs
Sturmpanzer IV Brummbär
Repair Bunker
AI Takeover
OKW
[EC] Comrade Sniper
Dark Lord Cthulhu
Manu
Gabloc
CosmoBluePlanet
Vespucci
Alan
0
0

Comments sign in to comment!

No comments posted yet!